 Dungeon Crawl Stone Soup version 0.30-a0-122-g2a1322497e (webtiles) character file.

Game seed: 3714233503617965581

12 IdlyInterested the Ducker (level 2, -2/22 HPs)
             Began as a Demonspawn Gladiator on Sept 15, 2022.
             Slain by a goblin
             ... wielding a +0 club
              (3 damage)
             ... on level 1 of the Dungeon.
             The game lasted 00:01:11 (99 turns).

IdlyInterested the Ducker (Demonspawn Gladiator)      Turns: 99, Time: 00:01:12

Health: -2/22      AC:  4    Str: 14    XL:     2   Next: 20%
Magic:  2/2        EV: 12    Int:  9    God:
Gold:   27         SH:  0    Dex: 14    Spells: 1/1 levels left

rFire   . . .      SeeInvis .    a - +0 long sword
rCold   . . .      Faith    .    (no shield)
rNeg    . . .      Spirit   .    b - +0 leather armour
rPois   .          Reflect  .    c - +0 helmet
rElec   .          Harm     .    f - scarf {shadows}
rCorr   .          Rampage  .    (no gloves)
Will    .....                    (no boots)
Stlth   +.........               (no amulet)
HPRegen 0.07/turn                (no ring)
MPRegen 0.08/turn                (no ring)

@: no status effects
A: powered by pain 1
a: no special abilities


You were on level 1 of the Dungeon.
You visited 1 branch of the dungeon, and saw 1 of its levels.

You collected 27 gold pieces.

Inventory:

Hand Weapons
 a - a +0 long sword (weapon)
Missiles
 d - 3 throwing nets (quivered)
Armour
 b - a +0 leather armour (worn)
 c - a +0 helmet (worn)
 f - a scarf of shadows (worn)
Scrolls
 g - 2 scrolls of amnesia {unknown}


   Skills:
 + Level 2.2 Fighting
 + Level 2.8 Long Blades
 - Level 1.7 Throwing
 * Level 3.0 Dodging


You had one spell level left.
You didn't know any spells.
Your spell library was empty.

Dungeon Overview and Level Annotations

Branches:
Dungeon (1/15)

Altars:


Innate Abilities, Weirdness & Mutations

You sometimes gain a little power by taking damage.


Message History

The jackal barely misses you. The jackal barely misses you.
The bat hits you but does no damage. The bat attacks as you move away!
The bat hits you but does no damage. The bat closely misses you. x2
The bat hits you.
* * * LOW HITPOINT WARNING * * *
Throw: javelin
Press: ? - help, Shift-Dir - straight line You throw a javelin.
The javelin pierces through the bat.
The bat is moderately wounded.
The javelin barely misses the jackal.
The javelin pierces through the goblin but does no damage.
The bat hits you but does no damage. x2; The bat misses you.
You completely miss the bat.
The bat is moderately wounded.
The bat completely misses you. The bat hits you but does no damage.
You barely miss the bat.
The bat is moderately wounded.
The bat closely misses you. x2
You slash the bat!
You kill the bat!
The jackal bites you but does no damage.
You hit the jackal but do no damage.
The jackal bites you but does no damage.
The jackal closely misses you.
You closely miss the jackal. The jackal misses you.
The jackal bites you but does no damage.
You barely miss the jackal. The jackal bites you.
* * * LOW HITPOINT WARNING * * *
The jackal bites you but does no damage.
You barely miss the jackal. The jackal bites you.
* * * LOW HITPOINT WARNING * * *
You slash the jackal!
You kill the jackal!
You closely miss the goblin. The goblin hits you with a +0 club.
* * * LOW HITPOINT WARNING * * *
You aren't carrying any potions.
You closely miss the goblin. The goblin hits you with a +0 club.
You die...

########
##(ggg@.########
#..J###........###
##.#.#
#.#.............#
###....#
#....~.......~..#
#†..####
###.~~~.....~~~..
.....J..#
#..~.......~...
....#.###
#..............
... >.
#.....>~....... ..
#.#
###.....~~~......


You could see an endoplasm, a hobgoblin and 2 goblins.

Vanquished Creatures
  6 jackals (D:1)
  A quokka (D:1)
  2 bats (D:1)
  A rat (D:1)
10 creatures vanquished.

Notes
Turn   | Place    | Note
-------+----------+-------------------------------------------
     0 | D:1      | IdlyInterested the Demonspawn Gladiator began the quest for
                  | the Orb.
     0 | D:1      | Reached XP level 1. HP: 16/16 MP: 1/1
    78 | D:1      | Reached skill level 3 in Dodging
    79 | D:1      | Gained mutation: You sometimes gain a little power by
                  | taking damage. [demonic ancestry]
    79 | D:1      | Reached XP level 2. HP: 12/22 MP: 2/2
    98 | D:1      | HP: 1/22 [goblin/+0 club (2)]
    99 | D:1      | Slain by a goblin

Illustrated notes

Levels and vault maps discovered:
D:1:      minmay_arrival_five_plusses, layout_rooms, interstate_on_off

Skill      XL: |  1 |
---------------+----+-----
Dodging        | 3 |  3.0
Fighting       | |  2.2
Long Blades    | |  2.8
Throwing       | |  1.7

Action                   || total
-------------------------++-------
Melee: Long sword        ||    33
Throw: Javelin           ||     1
Armor: Leather armour    ||    27
Dodge: Dodged            ||    35

Table legend: (Time is in decaauts)
 A = Elapsed time spent in this place.
 B = Non-inter-level travel time spent in this place.
 C = Inter-level travel time spent in this place.
 D = Time resting spent in this place.
 E = Time spent auto-exploring this place.
 F = Levels seen in this place.
 G = Mean time per level.
                   A        B        C        D        E       F      G
               +--------+--------+--------+--------+--------+-----+--------+
         Total |    107 |    107 |      0 |      0 |      7 |   1 |  107.0 |
       Dungeon |    107 |    107 |      0 |      0 |      7 |   1 |  107.0 |
               +--------+--------+--------+--------+--------+-----+--------+

Top non-repeatable levels by time:
     D:1: 107 daAuts
